 Dungeon Crawl Stone Soup version 0.22.1-2-g9c5b331383 (webtiles) character file.

63 Gargoyl the Skirmisher (level 3, -4/33 HPs)
             Began as a Centaur Abyssal Knight on Jan 2, 2019.
             Was a Follower of Lugonu.
             Killed by nerve-wracking pain
             ... invoked by Jessica
              (13 damage)
             ... on level 2 of the Dungeon.
             The game lasted 00:01:58 (1182 turns).

Gargoyl the Skirmisher (Centaur Abyssal Knight)     Turns: 1182, Time: 00:01:59

Health: -4/33      AC: 10    Str: 14    XL:     3   Next: 87%
Magic:  4/4        EV:  4    Int: 11    God:    Lugonu [*.....]
Gold:   72         SH:  0    Dex:  9    Spells: 2/2 levels left

rFire    . . .     SeeInvis .   a - +1 hand axe
rCold    . . .     Gourm    .   (no shield)
rNeg     . . .     Faith    .   e - +0 chain mail
rPois    .         Spirit   .   (no helmet)
rElec    .         Reflect  .   d - +2 cloak
rCorr    .         Harm     .   (no gloves)
MR       .....                  (no barding)
Stlth    ..........             (no amulet)
HPRegen  0.11/turn              (no ring)
MPRegen  0.09/turn              (no ring)

@: slowed
A: large, hooves 3, deformed body, speed 2, tough skin 3
a: Depart the Abyss, Renounce Religion


You were on level 2 of the Dungeon.
You worshipped Lugonu.
Lugonu was aware of your devotion.
You were not hungry.

You visited 1 branch of the dungeon, and saw 2 of its levels.
You visited the Abyss 1 time.

You collected 72 gold pieces.

Inventory:

Hand Weapons
 a - a +1 hand axe (weapon)
Armour
 d - a +2 cloak (worn)
 e - a +0 chain mail (worn)
Jewellery
 b - a cursed amulet of inaccuracy {unknown}
Potions
 f - a potion of mutation {unknown}
 g - a potion of berserk rage {unknown}
 h - a potion of heal wounds {unknown}
 i - 2 potions of magic {unknown}
Comestibles
 c - 2 rations


   Skills:
 + Level 3.7 Fighting
 + Level 2.3 Axes
 * Level 1.9 Armour
 + Level 0.6 Dodging
 * Level 2.5 Invocations


You had 2 spell levels left.
You didn't know any spells.
Your spell library was empty.

Dungeon Overview and Level Annotations

Branches:
Dungeon (2/15)

Altars:

Annotations:
D:2 Jessica


Innate Abilities, Weirdness & Mutations

You have hooves in place of feet.
Armour fits poorly on your strangely shaped body.
You cover ground very quickly.
You have extremely tough skin. (AC +3)


Message History

Your kick misses Jessica.
Jessica is heavily wounded.
Jessica casts a spell at you.
You feel yourself slow down.
You hit Jessica but do no damage.
Jessica is heavily wounded.
Jessica hits you but does no damage.
Jessica points at you and mumbles some strange words.
Pain shoots through your body!
* * * LOW HITPOINT WARNING * * *
You hit Jessica.
Jessica is almost dead.
Jessica barely misses you.
Jessica mumbles some strange words.
Jessica seems to speed up.
Your chain mail prevents you from hitting Jessica.
Jessica is severely wounded.
Jessica casts a spell at you. Pain shoots through your body!
You die...

##.....##..# ##........#
#..#####.# #..#####.#
*********** #(...(...#
*,,,,,,,,,* ###.#######
*,**,,,**,* #..>.....#
*,*,,,,,#.######.#.####.#*
*,*,,,,,,#.....@†........*
*,*,,,,,#.######@........*
*,**,,,**,* #.....###.*
*,***,***,*
##....#**,*******
*,,,,,,,,,*
#..#...,,,,,,,,*
***,*,*,***
#..#####,*****,*
**,**,**,** #...,,,,,* *,*
*,***,***,* ##+##***** *,,
**,* *,* *,* **,,,** *,*


You could see Jessica.

Vanquished Creatures
  3 adders (D:2)
  4 bats
  8 goblins
  10 hobgoblins
  4 frilled lizards
  4 kobolds
  2 rats
35 creatures vanquished.

Notes
Turn   | Place    | Note
-------+----------+-------------------------------------------
     0 | Abyss:1  | Gargoyl the Centaur Abyssal Knight began the quest for the
                  | Orb.
     0 | Abyss:1  | Reached XP level 1. HP: 19/19 MP: 2/2
    29 | Abyss:1  | Noticed a small abomination
    64 | Abyss:1  | Noticed a ynoxinul
    69 | D:1      | Escaped the Abyss
   272 | D:1      | Reached XP level 2. HP: 26/26 MP: 3/3
   502 | D:1      | Reached * piety under Lugonu
   804 | D:2      | Reached XP level 3. HP: 15/33 MP: 4/4
  1144 | D:2      | Noticed Jessica
  1182 | D:2      | Killed from afar by Jessica

Skill      XL: |  1  2 |
---------------+-------+-----
Axes           | 2 |  2.3
Fighting       | |  3.7
Armour         | |  1.9
Dodging        | |  0.6
Invocations    | |  2.5

Action                   || total
-------------------------++-------
Melee: Hand axe          ||   128
       Kick              ||     9
Invok: Depart the Abyss  ||     1
  Use: Scroll            ||     3
Armor: Chain mail        ||   114
Dodge: Dodged            ||    35
